Map: Terraform LE (Void)

Players

NightEnD - Winner!

  • Race: Protoss Protoss
  • League: Master

Dragon

  • Race: Terran Terran
  • League: Master

Event: Lycan League Weekly August #3

VOD

Have the link to the VOD?

Description

Time

  • Played on: Aug. 17, 2015, 1:29 p.m.
  • Length: 8:36

All games in this series

Show
View Real Time Build Order
Export as new Build Order

NightEnD Protoss - Winner!

Build Orders:  

Get SALT Encoding   

  12  0:01  Probe  
  13  0:15  Pylon  
  13  0:17  Probe  
  14  0:33  Probe (Chrono Boost)  
  14  0:35  Gateway  
  16  0:43  Probe (Chrono Boost)  
  16  0:46  Assimilator  
  16  0:50  Probe  
  17  1:02  Probe  
  18  1:04  Gateway  
  18  1:14  Probe  
  19  1:23  Cybernetics Core  
  19  1:26  Probe  
  19  1:32  Pylon  
  20  1:38  Probe  
  21  1:50  Probe  
  22  2:00  Adept (Chrono Boost)  
  22  2:01  Adept (Chrono Boost)  
  26  2:06  Mothership Core  
  28  2:09  Pylon  
  28  2:24  Adept  
  28  2:27  Adept  
  32  2:30  Probe  
  33  2:42  Probe  
  34  2:48  Nexus  
  34  3:01  Probe (Chrono Boost)  
  34  3:03  Assimilator  
  35  3:13  Probe (Chrono Boost)  
  36  3:20  Probe (Chrono Boost)  
  36  3:23  Pylon, Warp Gate  
  36  3:26  Robotics Facility  
  36  3:30  Probe  
  35  3:47  Probe (Chrono Boost)  
  34  3:57  Twilight Council  
  34  3:59  Probe (Chrono Boost)  
  34  4:01  Forge  
  34  4:02  Probe (Chrono Boost)  
  38  4:10  Probe (Chrono Boost)  
  38  4:11  Probe (Chrono Boost)  
  38  4:16  Probe (Chrono Boost), Observer  
  40  4:23  Probe (Chrono Boost)  
  41  4:27  Probe (Chrono Boost)  
  41  4:29  Adept x2  
  47  4:32  Probe (Chrono Boost)  
  49  4:39  Probe (Chrono Boost), Assimilator  
  49  4:40  Probe (Chrono Boost)  
  49  4:41  Protoss Ground Weapons Level 1  
  49  4:42  Assimilator  
  50  4:45  Probe (Chrono Boost)  
  50  4:46  Probe  
  51  4:57  Probe  
  51  4:58  Probe  
  53  5:09  Probe  
  53  5:12  Probe  
  51  5:18  Shield Upgrade (Chrono Boost)  
  51  5:21  Probe  
  51  5:23  Gateway  
  51  5:24  Gateway, Probe  
  51  5:28  Observer  
  54  5:29  Gateway  
  54  5:31  Gateway  
  54  5:34  Probe, Pylon x2  
  55  5:36  Probe  
  55  5:40  Adept x2  
  60  5:52  Immortal (Chrono Boost)  
  60  5:56  Photon Cannon  
  64  5:59  Pylon  
  64  6:01  Adept  
  64  6:02  Adept  
  52  6:14  Probe x2  
  42  6:28  Adept x2  
  42  6:30  Adept x3  
  42  6:31  Adept  
  52  7:02  Adept x3  
  52  7:03  Adept  
  60  7:09  Observer (Chrono Boost)  
  59  7:43  Adept x5  
Show
View Real Time Build Order
Export as new Build Order

Dragon Terran 

Build Orders: Cyclone Opening 

Get SALT Encoding   

  12  0:00  SCV  
  13  0:12  SCV  
  14  0:17  Supply Depot  
  14  0:26  Refinery  
  14  0:28  SCV  
  15  0:42  Barracks  
  15  0:45  SCV  
  16  0:57  SCV  
  16  1:00  Refinery  
  17  1:09  SCV  
  18  1:21  SCV  
  18  1:24  Refinery  
  19  1:29  Reaper  
  20  1:33  Orbital Command  
  20  1:45  Supply Depot  
  20  1:48  Factory  
  20  1:59  SCV  
  21  2:01  Barracks Tech Lab  
  21  2:11  SCV  
  22  2:25  SCV  
  22  2:27  Barracks Reactor  
  23  2:32  Command Center  
  23  2:38  SCV  
  23  2:40  Cyclone  
  27  2:50  SCV, Barracks  
  28  3:02  SCV  
  29  3:21  Cyclone  
  29  3:24  Supply Depot  
  31  3:43  SCV  
  31  3:48  Orbital Command  
  32  3:49  Marine x2  
  34  3:55  SCV  
  34  4:01  Stimpack, Marauder  
  37  4:03  Command Center  
  37  4:04  Supply Depot  
  37  4:08  SCV, Widow Mine, Orbital Command  
  40  4:15  Marine x2  
  42  4:21  SCV  
  43  4:24  Marauder  
  45  4:33  SCV  
  45  4:34  Marine x2  
  48  4:45  SCV  
  48  4:48  SCV  
  48  4:49  Marauder  
  48  4:52  Marine x2  
  52  4:56  Barracks  
  52  4:58  SCV  
  50  5:00  SCV  
  48  5:10  SCV  
  48  5:11  Marauder, Marine x2  
  48  5:12  SCV, Widow Mine  
  54  5:18  Orbital Command  
  54  5:23  SCV  
  54  5:24  SCV  
  56  5:28  Marine  
  56  5:31  Marine  
  58  5:39  SCV x2  
  58  5:42  Widow Mine  
  62  5:43  Marine  
  62  5:48  SCV  
  64  5:54  Marine x2  
  64  6:05  Marauder  
  64  6:11  Marine  
  58  6:12  Widow Mine, Marine  
  50  6:24  SCV  
  42  6:53  SCV  
  42  6:57  SCV  
  43  7:07  Starport  
  43  7:20  Marine x3  
  46  7:23  SCV x2  
  46  7:24  SCV  
  49  7:35  SCV  
  49  7:36  SCV  
  49  7:37  Marine  
  49  7:38  Marauder, Marine  
  49  7:43  Widow Mine  
  45  7:54  SCV  
  45  7:55  Marine x2  
  28  8:00  Marauder  
  15  8:13  Marine x2  
  15  8:16  SCV x2  

Tags
 
Add a new tag
Caveats
  • Supply blocks, unpowered buildings, or Contaminate may cause inaccurate times.
  • Supply counts are checked every 10 seconds.